 Seeded DCSS version 0.31-a0-1549-g5ff9445e89 (webtiles) character file.

Game seed: 218648279931081398 (custom seed)

3648 innerfire43 the Basher (level 9, -10/71 HPs)
             Began as a Demonspawn Wanderer on Jan 2, 2024.
             Was a Priest of Qazlal.
             Mangled by an orc warrior
             ... wielding a +0 glaive
              (26 damage)
             ... in a bailey.
             The game lasted 00:13:37 (7039 turns).

innerfire43 the Basher (Demonspawn Wanderer)        Turns: 7039, Time: 00:13:38

Health: -10/71     AC: 16    Str: 12    XL:     9   Next: 88%
Magic:  9/9        EV: 12    Int: 12    God:    Qazlal [***...]
Gold:   488        SH:  4    Dex: 18    Spells: 8/8 levels left

rFire   . . .        o - +5 whip (venom)
rCold   . . .        (no shield)
rNeg    . . .        p - +2 ring mail
rPois   .            (no helmet)
rElec   .            (no cloak)
rCorr   +            (gloves unavailable)
SInv    .            d - +0 pair of boots
Will    .....        g - amulet of faith
Stlth   +            k - +4 ring of protection
HPRegen 0.31/turn    z - ring of resist corrosion
MPRegen 0.11/turn

%: faith
@: studying Ice Magic
A: claws 3, thin metallic scales 1, ignite blood 2, spiny 2
a: Renounce Religion, Upheaval, Elemental Force


You were in a bailey.
You worshipped Qazlal.
Qazlal was most pleased with you.
You visited 1 branch of the dungeon, and saw 8 of its levels.
You also visited: Bailey.

You collected 488 gold pieces.

Inventory:

Hand Weapons
 a - a +2 dagger
 c - a +0 falchion
 o - a +5 whip of venom (weapon)
Armour
 d - a +0 pair of boots (worn)
 e - a +0 robe
 p - a +2 ring mail (worn)
 y - an orb of mayhem
Jewellery
 g - an amulet of faith (around neck)
 k - a +4 ring of protection (left claw)
 z - a ring of resist corrosion (right claw)
 A - a ring of poison resistance
Wands
 u - a wand of mindburst (8)
Scrolls
 l - a scroll of teleportation
 r - 2 scrolls of blinking
 s - 3 scrolls of immolation
 v - a scroll of fear
Potions
 b - a potion of heal wounds
 f - a potion of degeneration
 h - 3 potions of attraction
 j - 3 potions of curing
 m - a potion of ambrosia
 n - a potion of might {unknown}
 q - 2 potions of lignification
 t - a potion of magic {unknown}
 w - a potion of resistance {unknown}
 x - a potion of enlightenment {unknown}
 B - a potion of brilliance {unknown}
 C - 2 potions of haste {unknown}
 D - a potion of mutation {unknown}
 E - a potion of cancellation {unknown}
 F - a potion of experience {unknown}


   Skills:
 + Level 6.4 Fighting
 - Level 2.6 Long Blades
 * Level 8.3 Maces & Flails
 * Level 7.8 Armour
 - Level 3.1 Dodging
 - Level 2.6 Stealth


You had 8 spell levels left.
You didn't know any spells.
Your spell library contained the following spells:

 Spells                   Type           Power      Damage    Failure   Level
 Cigotuvi's Dreadful Rot  Necr/Alch/Air  0%         N/A       69%         2
 Ensorcelled Hibernation  Hex/Ice        0%         N/A       69%         2
 Scorch                   Fire           0%         2d5       69%         2
 Call Canine Familiar     Summ           0%         N/A       89%         3
 Fugue of the Fallen      Necr           0%         N/A       89%         3
 Sigil of Binding         Hex            0%         N/A       89%         3
 Anguish                  Hex/Necr       0%         N/A       100%        4
 Dimensional Bullseye     Hex/Tloc       0%         N/A       100%        4
 Flame Wave               Conj/Fire      0%         2d4       100%        4
 Ignite Poison            Fire/Alch      0%         N/A       100%        4
 Freezing Cloud           Conj/Ice/Air   0%         6-21      100%        5
 Summon Cactus Giant      Summ           0%         N/A       100%        6


Dungeon Overview and Level Annotations

Branches:
Dungeon (8/15)             Temple (0/1) D:7          Bailey (1/1)
   Lair: D:8-11

Altars:
Hepliaklqana
Kikubaaqudgha
Nemelex Xobeh
Qazlal

Shops:
D:3 (   D:6 (


Innate Abilities, Weirdness & Mutations

You have claws for hands.
You are partially covered in thin metallic scales. (AC +2)
Your demonic aura often causes spilled blood to erupt in flames.
You are mostly covered in sharp spines.


Message History

The orcs go into a battle-frenzy!
You see here a lumpy coppery potion.
You see here a potion of heal wounds.
The orc warrior attacks as it pursues you!
The orc warrior closely misses you.
You see here a lumpy coppery potion.
There is an open gate here.
You block the orc warrior's attack.
The orc warrior attacks as it pursues you!
The orc warrior hits you from afar with a +0 halberd.
The orc warrior attacks as it pursues you!
The orc warrior misses you.
The orc warrior hits you from afar with a +0 halberd!!
* * * LOW HITPOINT WARNING * * *
The orc warrior hits you from afar with a +0 halberd!!
* * * LOW HITPOINT WARNING * * *
The orc no longer looks unusually strong.
The orc warrior no longer looks unusually strong.
The orc knight roars a battlecry!
The orcs go into a battle-frenzy!
There is an open door here.
You feel much better.
The orc warrior hits you but does no damage.
The air fills with toxic fumes!
As you read the scroll of poison, it crumbles to dust.
The orc warrior no longer looks unusually strong.
The orc warrior closely misses you.
The orc warrior is engulfed in poison gas.
The orc warrior is poisoned.
The orc warrior hits you but does no damage.
The orc warrior hits you from afar with a +0 glaive!
* * * LOW HITPOINT WARNING * * *
The orc knight roars a battlecry!
The orc warrior goes into a battle-frenzy!
There is an open door here.
You miss the orc warrior.
The orc warrior is lightly wounded.
You block the orc warrior's attack.
The orc warrior hits you from afar with a +0 glaive!!
You die...

########### ####### ##
.∩....))..## ##.§§§§#########.
....)#))...######.§§§☼..#.....#..
....###).§§#☼§§§#.)##§§.'.....'.)
.....8...§§§§§§.@o§8§§§.'.!!!.'..
....###..§§#§☼§§#§§##§§.'.!!!.'))
.....#.....######oo.§§..#.....#..
.∩........## ##o§.§☼#########.
########### ####### ##


You could see an orc knight, 2 orc warriors and an orc (strong).

Vanquished Creatures
  Pikel (D:4)
  Grinder (D:4)
  A wyvern (D:6)
  Duvessa (D:5)
  4 water moccasins
  A black bear (D:6)
  2 orc warriors (Bailey)
  2 ice beasts
  2 sky beasts
  A centaur (D:7)
  3 phantoms
  A bullfrog (D:6)
  2 scorpions (D:5)
  4 wights (D:7)
  Dowan (D:5)
  A bombardier beetle (D:5)
  2 jellies (D:6)
  2 hounds
  A gnoll bouda (D:6)
  5 orc priests
  2 iguanas
  3 orc wizards
  3 sleepcaps
  9 adders
  7 gnolls
  A shadow imp (D:6)
  2 white imps (D:6)
  A dart slug (D:2)
  A ribbon worm (D:4)
  50 orcs
  4 endoplasms
  6 giant cockroaches
  4 hobgoblins
  14 jackals
  6 kobolds
  A quokka (D:4)
  9 ball pythons
  8 bats
  6 frilled lizards
  11 goblins
  8 rats
194 creatures vanquished.

Notes
Turn   | Place    | Note
-------+----------+-------------------------------------------
     0 | D:1      | innerfire43 the Demonspawn Wanderer began the quest for the
                  | Orb.
     0 | D:1      | innerfire43 set off with the following items: a +2 dagger,
                  | 2 potions of heal wounds, a +0 falchion, a +0 pair of
                  | boots, a +0 robe.
     0 | D:1      | Reached XP level 1. HP: 15/15 MP: 1/1
   134 | D:1      | Reached skill level 1 in Maces & Flails
   147 | D:1      | Gained mutation: You are partially covered in sharp spines.
                  | [demonic ancestry]
   147 | D:1      | Reached XP level 2. HP: 21/21 MP: 2/2
   652 | D:1      | Gained mutation: You have sharp fingernails. [demonic
                  | ancestry]
   652 | D:1      | Reached XP level 3. HP: 26/26 MP: 3/3
   984 | D:2      | Reached skill level 2 in Maces & Flails
  1241 | D:2      | Gained mutation: You have very sharp fingernails. [demonic
                  | ancestry]
  1241 | D:2      | Reached XP level 4. HP: 33/33 MP: 4/4
  2511 | D:3      | Found a faded altar of an unknown god.
  2597 | D:3      | Found a hazy altar of Hepliaklqana.
  2669 | D:3      | Reached skill level 1 in Armour
  2705 | D:3      | Gained mutation: You are partially covered in thin metallic
                  | scales. (AC +2) [demonic ancestry]
  2705 | D:3      | Reached XP level 5. HP: 10/39 MP: 5/5
  2948 | D:3      | Found Ycov's Weapon Emporium.
  2956 | D:3      | Reached skill level 3 in Maces & Flails
  3234 | D:4      | Found an ancient bone altar of Kikubaaqudgha.
  3430 | D:4      | Gained mutation: Your demonic aura sometimes causes spilled
                  | blood to erupt in flames. [demonic ancestry]
  3430 | D:4      | Reached XP level 6. HP: 31/46 MP: 6/6
  3498 | D:4      | Noticed a sky beast
  3499 | D:4      | Found a stormy altar of Qazlal.
  3506 | D:4      | Killed a sky beast
  3527 | D:4      | Became a worshipper of Qazlal Stormbringer
  3647 | D:4      | Noticed a water moccasin
  3654 | D:4      | Killed a water moccasin
  3655 | D:4      | Reached skill level 4 in Maces & Flails
  3712 | D:4      | Noticed Pikel
  3723 | D:4      | Killed Pikel
  3724 | D:4      | Reached skill level 5 in Maces & Flails
  3724 | D:4      | Gained mutation: You are mostly covered in sharp spines.
                  | [demonic ancestry]
  3724 | D:4      | Reached XP level 7. HP: 24/54 MP: 7/7
  3829 | D:4      | Noticed Grinder
  3832 | D:4      | Paralysed by Grinder for 4 turns
  3840 | D:4      | Killed Grinder
  3841 | D:4      | Gained mutation: Your demonic aura often causes spilled
                  | blood to erupt in flames. [demonic ancestry]
  3841 | D:4      | Reached XP level 8. HP: 57/61 MP: 8/8
  4330 | D:5      | Entered Level 5 of the Dungeon
  4335 | D:5      | Reached skill level 5 in Armour
  4416 | D:5      | Reached skill level 6 in Maces & Flails
  4568 | D:5      | Reached * piety under Qazlal
  4717 | D:5      | Noticed Dowan
  4720 | D:5      | Noticed Duvessa
  4725 | D:5      | Killed Duvessa
  4726 | D:5      | Reached skill level 5 in Fighting
  4732 | D:5      | Killed Dowan
  5005 | D:6      | Gained mutation: You have claws for hands. [demonic
                  | ancestry]
  5005 | D:6      | Reached XP level 9. HP: 53/68 MP: 9/9
  5152 | D:6      | Reached skill level 7 in Maces & Flails
  5439 | D:6      | Found Kueshreust's Antique Weapon Shoppe.
  5563 | D:6      | Reached ** piety under Qazlal
  5876 | D:6      | Found a sparkling altar of Nemelex Xobeh.
  6244 | D:7      | Found a staircase to the Ecumenical Temple.
  6414 | D:7      | Reached skill level 8 in Maces & Flails
  6759 | D:8      | Found a flagged portal.
  6769 | Bailey   | Entered a bailey
  6959 | Bailey   | Reached *** piety under Qazlal
  7008 | Bailey   | Noticed an orc knight
  7030 | Bailey   | HP: 1/71 [orc warrior/+0 halberd (19)]
  7039 | Bailey   | Mangled by an orc warrior

Illustrated notes

Levels and vault maps discovered:
D:1:      lemuel_arrival_cross, layout_loops_ring, minmay_crystal_water,
          grunt_decor_junction
D:2:      layout_basic
D:3:      layout_rooms, nzn_hepliaklqana_mist_gate,
          hellmonk_ecumenical_altar_blasted, serial_shops, shop
D:4:      layout_cave_pods, nicolae_qazlal_beasts_of_the_sky,
          lemuel_doored_altar, uniq_pikel, uniq_grinder
D:5:      layout_rooms, zin_academy, uniq_duvessa
D:6:      layout_rooms, nemelex_diamond_rough_becter, serial_shops,
          nicolae_shop_window_shopping, serial_library,
          serial_library_hellmonk_hallway_a, serial_library_hellmonk_hallway_b,
          serial_library_hellmonk_angled_corner,
          serial_library_hellmonk_recessed_alcove,
          serial_library_hellmonk_filled_rooms,
          serial_library_regret_index_small_wings,
          serial_library_regret_index_headful,
          serial_library_regret_index_split_case,
          serial_library_hellmonk_secret_room,
          serial_library_hellmonk_hallway_b, minmay_misc_feat_room
D:7:      layout_rooms, minmay_temple_entry_butterflies
D:8:      layout_basic, enter_bailey_3, hangedman_abyss_or_decor_stagger
Bailey:   bailey_polearm_5, bailey

Skill      XL: |  1  2  3  4  5  6  7  8  9 |
---------------+----------------------------+-----
Maces & Flails | 1 2 3 5 6 8 |  8.3
Dodging        | 3 |  3.1
Fighting       | 2 4 5 6 |  6.4
Armour         | 1 2 4 6 7 |  7.8
Long Blades    | |  2.6
Stealth        | |  2.6

Action                     |  1- 3 |  4- 6 |  7- 9 || total
---------------------------+-------+-------+-------++-------
  Melee: Dagger            |    69 |       |       ||    69
         Whip              |    17 |    94 |   252 ||   363
         Punch             |     1 |     1 |     5 ||     7
    Use: Scroll            |     1 |    13 |     4 ||    18
         Potion            |       |       |     1 ||     1
   Stab: Sleeping          |     5 |     5 |       ||    10
 Armour: Robe              |    33 |     2 |       ||    35
         Ring mail         |       |    56 |   151 ||   207
  Dodge: Dodged            |    47 |    60 |   159 ||   266
  Block: Other             |       |       |    18 ||    18

Table legend: (Time is in decaauts)
 A = Elapsed time spent in this place.
 B = Non-inter-level travel time spent in this place.
 C = Inter-level travel time spent in this place.
 D = Time resting spent in this place.
 E = Time spent auto-exploring this place.
 F = Levels seen in this place.
 G = Mean time per level.
                   A        B        C        D        E       F      G
               +--------+--------+--------+--------+--------+-----+--------+
         Total |   6967 |   5914 |   1053 |      0 |   4730 |   9 |  774.1 |
       Dungeon |   6706 |   5653 |   1053 |      0 |   4591 |   8 |  838.2 |
        Bailey |    260 |    260 |      0 |      0 |    139 |   1 |  260.0 |
               +--------+--------+--------+--------+--------+-----+--------+

Top non-repeatable levels by time:
     D:2: 1360 daAuts
     D:1: 1207 daAuts
     D:4: 1205 daAuts
     D:6: 1092 daAuts
     D:7: 659 daAuts
     D:5: 612 daAuts
     D:3: 548 daAuts
  Bailey: 260 daAuts
     D:8: 20 daAuts
